 Dungeon Crawl Stone Soup version 0.18.1-6-gd335043 (webtiles) character file.

72 Chiseanne the Ducker (level 4, -5/22 HPs)
             Began as a Spriggan Hunter on May 20, 2016.
             Killed by divine providence
             ... invoked by an orc priest
              (14 damage)
             ... on level 3 of the Dungeon.
             The game lasted 00:03:25 (1083 turns).

Chiseanne the Ducker (Spriggan Hunter)              Turns: 1083, Time: 00:03:26

Health: -5/22      AC:  3    Str:  8    XL:     4   Next: 6%
Magic:  5/5        EV: 20    Int: 12    God:
Gold:   73         SH:  0    Dex: 17    Spells: 0 memorised, 3 levels left

rFire  . . .     SeeInvis +     w - +1 hand crossbow
rCold  . . .     Gourm    .     c - +1 robe
rNeg   . . .     Faith    .     (shield restricted)
rPois  .         Spirit   .     (helmet restricted)
rElec  .         Dismiss  .     (no cloak)
rCorr  .         Reflect  .     (gloves unavailable)
SustAt .         Harm     .     (boots unavailable)
MR     .....                    (no amulet)
Stlth  +++.......               (no ring)
                                (no ring)

@: very quick, not resistant to hostile enchantments, fairly stealthy
A: unfitting armour, see invisible, herbivore 3, speed 3, slow metabolism 2
a: no special abilities


You were on level 3 of the Dungeon.
You were not hungry.

You visited 1 branch of the dungeon, and saw 3 of its levels.

You collected 73 gold pieces.

Inventory:

Hand Weapons
 a - a +0 short sword
 s - a +2 whip of venom
 w - a +1 hand crossbow (weapon)
Missiles
 d - 20 bolts (quivered)
 j - 24 stones
Armour
 c - a +1 robe (worn)
Jewellery
 i - an uncursed amulet of regeneration {unknown}
Potions
 b - a potion of invisibility {unknown}
 e - a potion of agility
 h - 2 potions of might {unknown}
Comestibles
 f - 2 bread rations
 g - a slice of pizza


   Skills:
 - Level 1.5 Fighting
 + Level 1.9 Short Blades
 - Level 4.0 Crossbows
 * Level 4.4 Dodging
 * Level 4.1 Stealth


You had 3 spell levels left.
You didn't know any spells.

Dungeon Overview and Level Annotations

Branches:
Dungeon (3/15)

Altars:


Innate Abilities, Weirdness & Mutations

You are tiny and cannot use many weapons and most armour.
You have supernaturally acute eyesight.
You are a herbivore.
You cover ground extremely quickly.
You need consume almost no food.


Message History

Press: ? - help, Shift-Dir - straight line, f/p - gnoll
Aim: a gnoll, wielding a spear (severely wounded)
You shoot a bolt.
The bolt hits the gnoll but does no damage.
The gnoll is severely wounded.
Firing (i - inventory. (,) - cycle):
d - 20 bolts (quivered)
Press: ? - help, Shift-Dir - straight line, f/p - gnoll
Aim: a gnoll, wielding a spear (severely wounded)
You shoot a bolt. The bolt hits the gnoll.
You kill the gnoll!
You have reached level 4!
Your magical contamination has completely faded away.
Found a meat ration.
You see here a ring mail.
d - 20 bolts (gained 1)
There are no items here.
The orc priest invokes the aid of Beogh against you.
Beogh smites you!
Ouch! That really hurt!
You die...

#.#..............#
#.....###.##.#.#.##.
#.#.........(.......
#......g.g##(#......
#.........##(#..#...
#.##%.###.##(.......
#.....###[##)#......
####..o......(#......
#......###.#.@# .....
#.##...# #.#..# .....
#.##.#.# #.#..# ##..
#.##.......#..# ..
#.##o#.#####..#####.
#....#.#.###....o.$.o
##.#.#.#.......#####.
#.#..(............
#.#...#.##...#####


You could see an orc priest.

Vanquished Creatures
  2 gnolls (D:3)
  An adder (D:3)
  An ooze (D:1)
  2 dart slugs (D:1)
  2 giant geckos (D:1)
  An orc (D:3)
  3 giant cockroaches
  2 goblins (D:1)
  5 hobgoblins
  3 jackals (D:1)
  3 bats (D:1)
  A giant newt (D:1)
  2 kobolds (D:1)
  4 rats
32 creatures vanquished.

Notes
Turn   | Place    | Note
--------------------------------------------------------------
     0 | D:1      | Chiseanne the Spriggan Hunter began the quest for the Orb.
     0 | D:1      | Reached XP level 1. HP: 10/10 MP: 2/2
   253 | D:1      | Reached XP level 2. HP: 14/14 MP: 3/3
   256 | D:1      | Reached skill level 1 in Short Blades
   692 | D:1      | Reached XP level 3. HP: 18/18 MP: 4/4
  1051 | D:3      | Noticed an orc warrior
  1064 | D:3      | Reached XP level 4. HP: 8/22 MP: 5/5
  1083 | D:3      | Killed from afar by an orc priest

Skill      XL: |  1  2  3 |
---------------+----------+-----
Stealth        | 2 3 4 |  4.1
Short Blades   | 1 |  1.9
Dodging        | 4 |  4.4
Fighting       | |  1.5
Crossbows      | |  4.0

Action                   |  1- 3 |  4- 6 || total
-------------------------+-------+-------++-------
Melee: Short sword       |    46 |       ||    46
       Whip              |     1 |       ||     1
 Fire: Hand crossbow     |    39 |       ||    39
  Use: Scroll            |    10 |       ||    10
 Stab: Sleeping          |     4 |       ||     4
       Distracted        |     1 |       ||     1
Armor: Robe              |     6 |       ||     6
Dodge: Dodged            |    52 |       ||    52
